 Dungeon Crawl Stone Soup version 0.13.0-17-g5f0e85f (webtiles) character file.

138 4tharraofdagon the Firebug (level 3, -3/28 HPs)
             Began as a Naga Fire Elementalist on Oct 21, 2013.
             Slain by Grinder (10 damage)
             ... on Level 3 of the Dungeon.
             The game lasted 00:02:08 (410 turns).

4tharraofdagon the Firebug (Naga Fire Elementalist)  Turns: 410, Time: 00:02:08

HP  -3/28        AC  2     Str 10      XL: 3   Next: 66%
MP   0/6         EV 10     Int 16      God:
Gold 92          SH  0     Dex 11      Spells:  2 memorised,  0 levels left

Res.Fire  : . . .   See Invis. : +   o - +0,+2 orc flail
Res.Cold  : . . .   Warding    : .   a - +0 robe
Life Prot.: . . .   Conserve   : .   (no shield)
Res.Poison: +       Res.Corr.  : .   (no helmet)
Res.Elec. : .       Clarity    : .   (no cloak)
Sust.Abil.: . .     Spirit.Shd : .   (no gloves)
Res.Mut.  : .       Stasis     : .   (no barding)
Res.Rott. : .       Flight     : .   (no amulet)
Saprovore : . . .                    (no ring)
                                     (no ring)

@: very slightly contaminated, very slow, slightly resistant to hostile
enchantments, fairly stealthy
A: spit poison, see invisible, deformed body, poison resistance, slowness 2, AC
+1
a: Spit Poison


You were on level 3 of the Dungeon.
You were not hungry.

You visited 1 branch of the dungeon, and saw 3 of its levels.

You collected 72 gold pieces.

Inventory:

Hand weapons
 n - a +0,+0 spear (quivered)
 o - a +0,+2 orcish flail (weapon)
Armour
 a - a +0 robe (worn)
 e - a +0 leather armour
Comestibles
 c - 2 bread rations
 i - a meat ration
 k - a rotting chunk of giant newt flesh
 l - a chunk of kobold flesh
Scrolls
 d - a scroll of remove curse {unknown}
 g - 2 scrolls of identify {unknown}
 j - a scroll of magic mapping {unknown}
 p - a scroll of teleportation {unknown}
Potions
 f - a potion of magic {unknown}
 h - a potion of porridge {unknown}
 m - a potion of resistance {unknown}
Books
 b - a book of Flames

   Spells                             Type                      Level
   *Flame Tongue                      Conjuration/Fire             1
   Throw Flame                        Conjuration/Fire             2
   *Conjure Flame                     Conjuration/Fire             3
   Inner Flame                        Hexes/Fire                   3
   Sticky Flame                       Conjuration/Fire             4
   Fireball                           Conjuration/Fire             5


   Skills:
 - Level 1.5 Dodging
 - Level 3.0 Stealth
 + Level 1.4 Spellcasting
 * Level 2.2 Conjurations
 * Level 3.7 Fire Magic


You couldn't memorise any spells.
You knew the following spells:

 Your Spells              Type           Power        Failure   Level  Hunger
a - Flame Tongue          Conj/Fire      ##...        10%         1    ##.....
b - Conjure Flame         Conj/Fire      ##......     21%         3    ####...


Dungeon Overview and Level Annotations

Branches:
Dungeon (3/27)

Altars:

Annotations:
D:3 Deemzul's ghost, average HOFi; Grinder


Innate Abilities, Weirdness & Mutations

You cannot wear boots.
You can spit poison.
Your serpentine skin is tough (AC +1).
You have supernaturally acute eyesight.
Armour fits poorly on your strangely shaped body.
Your system is resistant to poisons.
You cover ground very slowly.


Message History

Confirm with . or Enter, or press ? or * to list all spells.
Aiming: Flame Tongue
Press: ? - help, Shift-Dir - straight line, f - orc, p - Grinder
Aim: an orc, wielding an orcish short sword The flame hits the orc.
The orc is heavily wounded.
You barely miss the orc.
The orc is heavily wounded.
Grinder gestures at you. Pain shoots through your body!
The orc hits you with an orcish short sword.
Unknown command.
The orc hits you with an orcish short sword.
* * * LOW HITPOINT WARNING * * *
Unknown command.
Unknown command.
Unknown command.
Unknown command.
The orc closely misses you. Grinder hits you!
You die...

#)..##### #....# #.#.#
###..# ..#.# #..#
..#.##### ###..#
..#.#...#######.....#
..#.............###...
..............ยง.#
.##.#
###............o###.#
# #.#......####5@...#
#.######## ####.......
#.. .##.. ### .#


You could see Grinder and an orc.

Vanquished Creatures
  A jelly (D:3)
  4 orcs (D:3)
  A hobgoblin (D:1)
  A giant newt (D:3)
  A goblin (D:2)
  2 kobolds (D:2)
  2 rats
12 creatures vanquished.

Notes
Turn   | Place    | Note
--------------------------------------------------------------
     0 | D:1      | 4tharraofdagon, the Naga Fire Elementalist, began the quest for the Orb.
     0 | D:1      | Reached XP level 1. HP: 15/15 MP: 3/3
     2 | D:1      | Noticed a draconian
     2 | D:1      | Noticed a centaur
     4 | D:1      | Noticed a dwarf
     4 | D:1      | Noticed a troll
     6 | D:1      | Noticed a vampire
     8 | D:1      | Noticed an ogre
     8 | D:1      | Noticed a tengu
    10 | D:1      | Noticed a naga
    10 | D:1      | Noticed an octopode
    14 | D:1      | Noticed a demigod
    14 | D:1      | Noticed a spriggan
    16 | D:1      | Noticed a demonspawn
    16 | D:1      | Noticed an elf
    18 | D:1      | Noticed a felid
    18 | D:1      | Noticed a minotaur
    20 | D:1      | Noticed a human
    22 | D:1      | Noticed a ghoul
    22 | D:1      | Noticed a merfolk
   224 | D:3      | Noticed a jelly
   237 | D:3      | Killed a jelly
   237 | D:3      | Reached XP level 2. HP: 22/22 MP: 1/4
   237 | D:3      | Reached XP level 3. HP: 28/28 MP: 1/6
   242 | D:3      | Learned a level 3 spell: Conjure Flame
   296 | D:3      | Noticed Deemzul's ghost (average HOFi)
   403 | D:3      | Noticed Grinder
   410 | D:3      | Slain by Grinder

Action                   || total
-------------------------++-------
Melee: Flail             ||     1
 Cast: Flame Tongue      ||    12
       Conjure Flame     ||     1
 Abil: Spit Poison       ||     9
